 Dungeon Crawl Stone Soup version 0.30.1-4-g462c640d31 (webtiles) character file.

Game seed: 9135528962981887632

3893 Graphine the Severer (level 10, -3/94 HPs)
             Began as a Hill Orc Fighter on Sept 14, 2023.
             Was a Believer of Zin.
             Slain by a two-headed ogre
             ... wielding a +0 giant club
              (20 damage)
             ... on level 9 of the Dungeon.
             The game lasted 00:14:10 (5804 turns).

Graphine the Severer (Hill Orc Fighter)             Turns: 5804, Time: 00:14:11

Health: -3/94      AC: 14    Str: 22    XL:     10   Next: 19%
Magic:  10/10      EV:  8    Int:  8    God:    Zin [**....]
Gold:   243        SH:  0    Dex: 12    Spells: 9/9 levels left

rFire   . . .        E - +1 battleaxe (freeze)
rCold   . . .        (shield currently unavailable)
rNeg    . . .        n - +0 chain mail
rPois   .            (no helmet)
rElec   .            (no cloak)
rCorr   .            (no gloves)
SInv    .            C - +0 pair of boots
Will    +....        g - amulet of regeneration Stlth
                     u - ring of willpower
HPRegen 1.15/turn    z - +4 ring of protection
MPRegen 0.12/turn

%: no passive effects
@: slowed, very slow
A: no striking features
a: Renounce Religion, Recite, Vitalisation, Donate Gold


You were on level 9 of the Dungeon.
You worshipped Zin.
Zin was pleased with you.
You visited 2 branches of the dungeon, and saw 9 of its levels.

You collected 269 gold pieces.
You donated 26 gold pieces to Zin.

Inventory:

Hand Weapons
 a - a +1 war axe
 f - a +0 dagger of speed
 p - a +0 sling
 E - a +1 battleaxe of freezing (weapon)
 H - a +1 executioner's axe
Missiles
 x - 6 javelins
 B - 3 datura-tipped darts
Armour
 c - a +0 buckler
 n - a +0 chain mail (worn)
 C - a +0 pair of boots (worn)
 G - a scarf of shadows
Magical Staves
 D - a staff of cold
Jewellery
 g - an amulet of regeneration (around neck)
 u - a ring of willpower (left hand)
 y - an amulet of magic regeneration
 z - a +4 ring of protection (right hand)
 A - a ring of ice
Scrolls
 b - a scroll of enchant armour
 i - 4 scrolls of teleportation
 j - 2 scrolls of amnesia
 k - 2 scrolls of immolation
 l - 4 scrolls of noise
 r - a scroll of poison
 s - a scroll of vulnerability
 w - a scroll of magic mapping
Potions
 d - 2 potions of might
 e - 3 potions of mutation
 h - 2 potions of curing
 m - a potion of haste {unknown}
 o - 2 potions of brilliance {unknown}
 q - 3 potions of flight {unknown}
 t - a potion of magic {unknown}
 v - 2 potions of heal wounds {unknown}
 F - a potion of degeneration {unknown}


   Skills:
 + Level 10.5 Fighting
 * Level 15.2 Axes
 - Level 3.2 Armour
 - Level 3.2 Shields


You had 9 spell levels left.
You didn't know any spells.
Your spell library contained the following spells:

 Spells                   Type           Power      Damage    Failure   Level
 Sandblast                Erth           0%         2d4       96%         1
 Passwall                 Tmut/Erth      0%         N/A       99%         2
 Sublimation of Blood     Necr           0%         N/A       99%         2
 Stone Arrow              Conj/Erth      0%         3d7       100%        3
 Petrify                  Tmut/Erth      0%         N/A       100%        4
 Irradiate                Conj/Tmut      0%         3d11      100%        5


Dungeon Overview and Level Annotations

Branches:
Dungeon (7/15)             Temple (1/1) D:4

Altars:
Ashenzari
Dithmenos
Elyvilon
Fedhas
Gozag
Hepliaklqana
Kikubaaqudgha
Makhleb
Nemelex Xobeh
Okawaru
Qazlal
Ru
Sif Muna
Trog
Uskayaw
Vehumet
Xom
Yredelemnul
Zin
The Shining One


Message History

You feel sick. The hornet stings you.
You feel as though you will be slow longer.
You can move again.
You closely miss the hornet.
The hornet is moderately wounded.
You feel very sick.
The hornet stings you but does no damage.
The hornet stings you.
You feel as though you will be slow longer.
You slice the hornet!! You freeze the hornet.
You kill the hornet!
You feel sick.
You barely miss the two-headed ogre.
You feel sick.
The two-headed ogre hits you with a +0 giant club! x2
You are too injured to fight recklessly!
You slash the two-headed ogre! You freeze the two-headed ogre.
The two-headed ogre is moderately wounded.
You feel sick.
The two-headed ogre hits you with a +0 giant club!!
* * * LOW HITPOINT WARNING * * *
The two-headed ogre hits you with a +0 giant club.
* * * LOW HITPOINT WARNING * * *
You feel better. The two-headed ogre barely misses you.
The two-headed ogre hits you with a +0 giant club.
* * * LOW HITPOINT WARNING * * *
You fail to use your ability.
The two-headed ogre hits you with a +0 giant club!
* * * LOW HITPOINT WARNING * * *
The two-headed ogre hits you with a +0 giant club.
* * * LOW HITPOINT WARNING * * *
You hit the two-headed ogre. You freeze the two-headed ogre.
The two-headed ogre is moderately wounded.
The two-headed ogre hits you but does no damage. x2
Okay, then.
You slice the two-headed ogre!! You freeze the two-headed ogre!
The two-headed ogre is almost dead.
The two-headed ogre hits you with a +0 giant club.
* * * LOW HITPOINT WARNING * * *
The two-headed ogre hits you with a +0 giant club!!
You die...

#.#####....####...
#...#...#### #...
#####.#.### #####
#.......## ####....
#.#####..####....### .
...######.).)..#####.
.............#).......#.
.....#######.#....†...#.
......O@..............#.
....#######...........#.
. ###.........##
##........#. #........#.
#........#. #........#.
#........#. ###########


You could see a two-headed ogre.

Vanquished Creatures
  Pikel (D:6)
  2 hornets
  3 yaks (D:9)
  Menkaure (D:4)
  3 water moccasins
  A black bear (D:7)
  An ice beast (D:7)
  3 orc warriors (D:9)
  3 centaurs
  2 ogres (D:5)
  Blork the orc (D:5)
  A kobold brigand (D:5)
  A bullfrog (D:6)
  4 scorpions
  5 killer bees (D:9)
  A howler monkey (D:5)
  A crimson imp (D:4)
  A hound (D:5)
  An orc priest (D:9)
  A jelly (D:4)
  Ijyb (D:5)
  An iguana (D:6)
  Terence (D:2)
  A sleepcap (D:5)
  9 orc wizards
  7 adders
  A white imp (D:6)
  An ufetubus (D:6)
  A worm (D:3)
  3 dart slugs
  16 orcs
  5 endoplasms
  4 giant cockroaches
  9 goblins
  6 hobgoblins
  12 kobolds
  2 quokkas
  9 ball pythons
  6 bats
  3 frilled lizards
  4 rats
139 creatures vanquished.

Notes
Turn   | Place    | Note
-------+----------+-------------------------------------------
     0 | D:1      | Graphine the Hill Orc Fighter began the quest for the Orb.
     0 | D:1      | Reached XP level 1. HP: 19/19 MP: 1/1
    60 | D:1      | Reached skill level 3 in Axes
   153 | D:1      | Reached XP level 2. HP: 23/27 MP: 2/2
   513 | D:1      | Reached skill level 4 in Axes
   698 | D:1      | Reached XP level 3. HP: 32/33 MP: 3/3
  1283 | D:2      | Reached XP level 4. HP: 41/41 MP: 4/4
  1296 | D:2      | Noticed Terence
  1304 | D:2      | Killed Terence
  1305 | D:2      | Reached skill level 5 in Axes
  2058 | D:3      | Reached XP level 5. HP: 47/47 MP: 5/5
  2451 | D:4      | Found a staircase to the Ecumenical Temple.
  2476 | D:4      | Noticed Menkaure
  2484 | D:4      | Killed Menkaure
  2485 | D:4      | Reached skill level 5 in Fighting
  2485 | D:4      | Reached skill level 6 in Axes
  2485 | D:4      | Reached XP level 6. HP: 44/56 MP: 6/6
  2489 | Temple   | Entered the Ecumenical Temple
  2662 | Temple   | Became a worshipper of Zin the Law-Giver
  2710 | D:4      | Reached skill level 7 in Axes
  2711 | D:4      | Reached * piety under Zin
  3150 | D:4      | Found a burning altar of Makhleb.
  3150 | D:4      | Found a shimmering altar of Xom.
  3201 | D:4      | Found a shimmering blue altar of Sif Muna.
  3250 | D:4      | Found a hide-covered altar of Uskayaw.
  3274 | D:5      | Entered Level 5 of the Dungeon
  3334 | D:5      | Reached skill level 8 in Axes
  3334 | D:5      | Reached XP level 7. HP: 58/63 MP: 7/7
  3342 | D:5      | Found a bloodstained altar of Trog.
  3564 | D:5      | Noticed Blork the orc
  3576 | D:5      | Killed Blork the orc
  3581 | D:5      | Reached skill level 9 in Axes
  3670 | D:5      | Noticed Ijyb
  3686 | D:5      | Reached XP level 8. HP: 42/73 MP: 8/8
  3802 | D:5      | Killed Ijyb
  3905 | D:5      | Reached skill level 10 in Axes
  4266 | D:5      | Reached ** piety under Zin
  4532 | D:6      | Noticed Pikel
  4554 | D:6      | Killed Pikel
  4555 | D:6      | Reached skill level 11 in Axes
  4704 | D:6      | Reached skill level 12 in Axes
  4704 | D:6      | Reached XP level 9. HP: 82/82 MP: 9/9
  5234 | D:7      | Noticed a hornet
  5247 | D:7      | Killed a hornet
  5248 | D:7      | Reached skill level 13 in Axes
  5425 | D:7      | You fall into a shaft and drop 2 floors!
  5586 | D:9      | Reached skill level 14 in Axes
  5639 | D:9      | Reached skill level 10 in Fighting
  5724 | D:9      | Reached XP level 10. HP: 92/93 MP: 10/10
  5726 | D:9      | Reached skill level 15 in Axes
  5789 | D:9      | Noticed a two-headed ogre
  5794 | D:9      | Paralysed by a hornet for 2 turns
  5804 | D:9      | Slain by a two-headed ogre

Illustrated notes

Levels and vault maps discovered:
D:1:      dpeg_arrival_shrine, layout_loops_corners
D:2:      layout_loops_cross, kennysheep_generic_room_13, uniq_terence
D:3:      layout_loops_ring
D:4:      layout_rooms, grunt_temple_overflow_champion_of_chaos, led_sif_book,
          nicolae_uskayaw_suspiria, minmay_temple_entry_stoned_glass,
          minmay_statues_item, serial_bayou_ford_a, uniq_menkaure
D:5:      layout_basic, kennysheep_mini, serial_bayou_pond_a,
          patterned_corridor, uniq_ijyb, uniq_blork_the_orc
D:6:      layout_loops_cross, uniq_pikel
D:7:      minmay_the_grid_four_pointed_star [minmay_the_grid_triangle_9x9_cache,
          minmay_the_grid_triangle_9x9_flanged_cone,
          minmay_the_grid_triangle_9x9_descending_squares,
          minmay_the_grid_triangle_9x9_steps,
          minmay_the_grid_prize_shrinking_boxes], layout_cave_pods
D:9:      layout_rooms, old_standard_altar
Temple:   nicolae_temple_superstar

Skill      XL: |  1  2  3  4  5  6  7  8  9 10 |
---------------+-------------------------------+-----
Axes           | 3 4 5 6 8 9 12 14 15 | 15.2
Fighting       | 4 5 6 7 8 10 | 10.5
Armour         | |  3.2
Shields        | |  3.2

Action                     |  1- 3 |  4- 6 |  7- 9 | 10-12 || total
---------------------------+-------+-------+-------+-------++-------
  Melee: War axe           |    76 |   130 |   188 |       ||   394
         Executioner's axe |       |       |    29 |       ||    29
         Battleaxe         |       |       |     6 |    27 ||    33
 Invoke: Recite            |       |     1 |     1 |       ||     2
    Use: Scroll            |     3 |     4 |     6 |       ||    13
         Potion            |       |       |     2 |     1 ||     3
 Armour: Scale mail        |    31 |     1 |       |       ||    32
         Chain mail        |       |    62 |   167 |    20 ||   249
  Dodge: Dodged            |    34 |    36 |    93 |     4 ||   167
  Block: Buckler           |    17 |    29 |    38 |       ||    84
